 Dungeon Crawl Stone Soup version 0.30-a0-358-g0d69a1922f (webtiles) character file.

Game seed: 3409126816571362897

100 hikkokomori the Shooter (level 4, -8/32 HPs)
             Began as a Barachi Hexslinger on Nov 9, 2022.
             Was an Initiate of Okawaru.
             Killed by an exploding endoplasm (35 damage)
             ... ignited by their inner flame
             ... on level 4 of the Dungeon.
             The game lasted 00:07:57 (2860 turns).

hikkokomori the Shooter (Barachi Hexslinger)        Turns: 2860, Time: 00:07:58

Health: -8/32      AC:  6    Str: 14    XL:     4   Next: 74%
Magic:  5/5        EV: 12    Int: 13    God:    Okawaru [......]
Gold:   215        SH:  0    Dex: 14    Spells: 4/5 levels left

rFire   . . .      SeeInvis .    a - +2 sling
rCold   . . .      Faith    .    (no shield)
rNeg    . . .      Spirit   .    u - +1 leather armour of Vuseak {Str+2}
rPois   .          Reflect  .    t - +1 helmet
rElec   .          Harm     .    (no cloak)
rCorr   .          Rampage  .    (no gloves)
Will    .....                    (no boots)
Stlth   +.........               (no amulet)
HPRegen 0.25/turn                (no ring)
MPRegen 0.09/turn                (no ring)

@: unable to hop, slow
A: amphibious, slowness 1, strong legs 1, +LOS
a: Hop, Renounce Religion


You were on level 4 of the Dungeon.
You worshipped Okawaru.
Okawaru was noncommittal.
You visited 2 branches of the dungeon, and saw 5 of its levels.

You collected 215 gold pieces.

Inventory:

Hand Weapons
 a - a +2 sling (weapon)
Armour
 c - a +0 robe
 t - a +1 helmet (worn)
 u - the +1 leather armour of Vuseak (worn) {Str+2}
   (You found it on level 4 of the Dungeon)

   Str:       It affects your strength (+2).
Wands
 s - a wand of mindburst (11)
Scrolls
 b - a scroll of poison
 e - 3 scrolls of identify
 i - a scroll of fear
 q - a scroll of vulnerability
Potions
 f - 2 potions of lignification {unknown}
 g - 2 potions of curing {unknown}
 j - a potion of attraction {unknown}
 k - 2 potions of heal wounds {unknown}
 l - a potion of invisibility {unknown}
 m - a potion of might {unknown}
 p - a potion of mutation {unknown}
 r - a potion of berserk rage {unknown}


   Skills:
 - Level 1.3 Fighting
 + Level 4.6 Ranged Weapons
 - Level 2.2 Dodging
 - Level 1.2 Spellcasting
 - Level 3.3 Hexes


You had 4 spell levels left.
You knew the following spells:

 Your Spells              Type           Power      Damage    Failure   Level
a - Slow                  Hex            36%        N/A       9%          1

Your spell library contained the following spells:

 Spells                   Type           Power      Damage    Failure   Level
 Inner Flame              Hex/Fire       5%         N/A       47%         3
 Portal Projectile        Hex/Tloc       10%        N/A       47%         3
 Cause Fear               Hex            4%         N/A       65%         4
 Borgnjor's Revivificati  Necr           0%         N/A       100%        8
 Necromutation            Tmut/Necr      0%         N/A       100%        8
 Death's Door             Necr           0%         N/A       100%        9


Dungeon Overview and Level Annotations

Branches:
Dungeon (4/15)             Temple (1/1) D:4

Altars:
Ashenzari
Cheibriados
Dithmenos
Fedhas
Gozag
Kikubaaqudgha
Makhleb
Nemelex Xobeh
Okawaru
Qazlal
Ru
Trog
Uskayaw
Vehumet
Wu Jian
Xom

Annotations:
D:4 Edmund


Innate Abilities, Weirdness & Mutations

You are amphibious.
You cover ground slowly.
You can hop short distances.
You have an extended range of vision and can be seen from far away.


Message History

The endoplasm attacks as you move away! The endoplasm closely misses you.
The endoplasm attacks as you move away!
The endoplasm hits you but does no damage.
The endoplasm hits you but does no damage.
Okay, then.
Okay, then.
The endoplasm attacks as you move away!
The endoplasm hits you but does no damage.
Found a book of Necromancy.
As you read the scroll labelled BYSTRA WUFRULEL, it crumbles to dust.
It is a scroll of enchant weapon.
Your +1 sling glows red for a moment.
The endoplasm freezes you.
You are frozen.
As you read the scroll labelled ZEH BIOWNENOOD, it crumbles to dust.
You hear a loud clanging noise!
It was a scroll of noise.
You hear an angry hiss.
The endoplasm freezes you.
You are frozen.
As you read the scroll labelled XIDEIL LEHATZ, it crumbles to dust.
The creatures around you are filled with an inner flame!
It was a scroll of immolation.
The endoplasm hits you but does no damage.
The ogre closely misses you.
As you read the scroll labelled HOFOID JIH DADD, it crumbles to dust.
It is a scroll of enchant armour.
Your +0 helmet glows green for a moment.
The endoplasm freezes you.
You are frozen.
The ogre barely misses you.
Okay, then.
You shoot a sling bullet. The sling bullet hits the endoplasm.
Flame seeps out of the endoplasm.
The endoplasm is moderately wounded.
The endoplasm is engulfed in blazing flames.
Okawaru accepts your kill.
The endoplasm explodes!
The fiery explosion engulfs you!!
Ouch! That really hurt!
You die...

#....................#.......#..
#....................#.......#..
#....................#########..
#....................# #..
##....................# #..
......................# #..
......................# ###
..............§O@.....#
.......########○@.....# .......#
#§§........ .......# #..........
.......# #.......... .......#
#........:. .......# #..........
######## ###########


You could see Edmund (inner flame) and an ogre (inner flame).

Vanquished Creatures
  An orc wizard (D:3)
  2 adders
  An ufetubus (D:4)
  6 orcs
  5 ball pythons
  5 bats
  3 endoplasms
  A giant cockroach (D:1)
  3 goblins
  8 hobgoblins
  4 kobolds
  3 quokkas
  2 frilled lizards
  2 rats
46 creatures vanquished.

Notes
Turn   | Place    | Note
-------+----------+-------------------------------------------
     0 | D:1      | hikkokomori the Barachi Hexslinger began the quest for the
                  | Orb.
     0 | D:1      | Reached XP level 1. HP: 15/15 MP: 2/2
    38 | D:1      | Found a faded altar of an unknown god.
   107 | D:1      | Reached XP level 2. HP: 21/21 MP: 3/3
   363 | D:1      | You fall into a shaft and drop 1 floor!
  1157 | D:3      | Reached skill level 3 in Ranged Weapons
  1590 | D:3      | Reached XP level 3. HP: 26/26 MP: 4/4
  1885 | D:3      | Reached skill level 4 in Ranged Weapons
  1885 | D:3      | Reached XP level 4. HP: 15/32 MP: 5/5
  2454 | D:4      | Identified the +1 leather armour of Vuseak {Str+2}
  2549 | D:4      | Found a staircase to the Ecumenical Temple.
  2560 | Temple   | Entered the Ecumenical Temple
  2764 | Temple   | Became a worshipper of Warmaster Okawaru
  2837 | D:4      | Noticed an ogre
  2837 | D:4      | Noticed Edmund
  2860 | D:4      | Killed by an exploding endoplasm... ignited by their inner
                  | flame

Illustrated notes

Levels and vault maps discovered:
D:1:      eino_arrival_druids_welcome, layout_basic,
          hellmonk_ecumenical_altar_crossroads, item_on_display_a
D:2:      layout_loops_corners, due_unseen_surprise
D:3:      layout_basic
D:4:      layout_gridville, nicolae_tso_besieged_by_evil,
          minmay_temple_entry_glass, uniq_edmund
Temple:   eino_temple_rhombus

Skill      XL: |  1  2  3 |
---------------+----------+-----
Ranged Weapons | 3 4 |  4.6
Fighting       | |  1.3
Dodging        | |  2.2
Spellcasting   | |  1.2
Hexes          | |  3.3

Action                   |  1- 3 |  4- 6 || total
-------------------------+-------+-------++-------
 Fire: Sling             |   107 |    66 ||   173
 Abil: Hop               |     1 |     1 ||     2
  Use: Scroll            |     3 |     4 ||     7
Armor: Robe              |    11 |     5 ||    16
       Leather armour    |       |    12 ||    12
Dodge: Dodged            |    44 |    45 ||    89

Table legend: (Time is in decaauts)
 A = Elapsed time spent in this place.
 B = Non-inter-level travel time spent in this place.
 C = Inter-level travel time spent in this place.
 D = Time resting spent in this place.
 E = Time spent auto-exploring this place.
 F = Levels seen in this place.
 G = Mean time per level.
                   A        B        C        D        E       F      G
               +--------+--------+--------+--------+--------+-----+--------+
         Total |   3367 |   3233 |    134 |     70 |   2720 |   5 |  673.4 |
       Dungeon |   3102 |   3027 |     75 |     70 |   2529 |   4 |  775.5 |
        Temple |    265 |    207 |     58 |      0 |    190 |   1 |  265.0 |
               +--------+--------+--------+--------+--------+-----+--------+

Top non-repeatable levels by time:
     D:3: 1253 daAuts
     D:2: 1000 daAuts
     D:1: 434 daAuts
     D:4: 413 daAuts
  Temple: 265 daAuts
